 Dungeon Crawl Stone Soup version 0.20-b1 (webtiles) character file.

4931 Jawreze the Impaler (level 10, -4/70 HPs)
             Began as a Merfolk Gladiator on May 18, 2017.
             Was a Priest of Nemelex Xobeh.
             Slain by a komodo dragon (8 damage)
             ... on level 1 of the Lair of Beasts.
             The game lasted 00:37:32 (11434 turns).

Jawreze the Impaler (Merfolk Gladiator)            Turns: 11434, Time: 00:37:33

Health: -4/70      AC:  6    Str: 15    XL:     10   Next: 52%
Magic:  15/15      EV: 14    Int: 10    God:    Nemelex Xobeh [***...]
Gold:   569        SH:  0    Dex: 16    Spells: 9/9 levels left

rFire    . . .     SeeInvis .   O - +0 glaive
rCold    . . .     Gourm    .   (shield currently unavailable)
rNeg     . . .     Faith    .   b - +0 leather armour
rPois    .         Spirit   .   c - +0 helmet
rElec    .         Reflect  .   i - +0 cloak
rCorr    .         Harm     .   (no gloves)
MR       .....                  l - +0 pair of boots
Stlth    +.........             (no amulet)
Regen    0.3/turn               (no ring)
MPRegen  0.2/turn               (no ring)

@: no status effects
A: change form in water, swift swim, stealthy swim
a: Triple Draw, Renounce Religion


You were on level 1 of the Lair of Beasts.
You worshipped Nemelex Xobeh.
Nemelex Xobeh was most pleased with you.
You were not hungry.

You visited 3 branches of the dungeon, and saw 11 of its levels.
You also visited: Bailey.

You collected 569 gold pieces.

Inventory:

Hand Weapons
 a - a +0 trident
 O - a +0 glaive (weapon)
 R - a +2 great sword of slicing
Missiles
 B - 2 javelins
 L - 11 throwing nets (quivered)
Armour
 b - a +0 leather armour (worn)
 c - a +0 helmet (worn)
 i - a +0 cloak (worn)
 l - a +0 pair of boots (worn)
 I - the cursed +1 leather armour "Ciwy" {*Slow rF- Int+4 Dex+7}
   (You found it on level 6 of the Dungeon)

   It affects your intelligence (+4).
   It affects your dexterity (+7).
   It makes you vulnerable to fire.
   It may slow you when you take damage.
   It has a curse placed upon it.
Jewellery
 s - a cursed -2 ring of dexterity {unknown}
 y - an uncursed amulet of the gourmand {unknown}
 F - an uncursed ring of ice {unknown}
 H - an uncursed ring of flight {unknown}
Wands
 d - a wand of paralysis (14/24)
 K - a wand of acid (10/15)
 M - a wand of confusion (11/48)
Scrolls
 g - 8 scrolls of identify
 m - 5 scrolls of teleportation {unknown}
 n - 2 scrolls of magic mapping {unknown}
 q - a scroll of remove curse
 r - 4 scrolls of amnesia {unknown}
 t - a scroll of fear {unknown}
 v - 2 scrolls of enchant weapon {unknown}
 w - 4 scrolls of random uselessness
Potions
 e - 2 potions of brilliance {unknown}
 h - 3 potions of haste {unknown}
 o - a potion of heal wounds {unknown}
 p - a potion of berserk rage {unknown}
 u - 4 potions of lignification {unknown}
 x - 6 potions of curing {unknown}
 z - a potion of might {unknown}
 E - a potion of mutation {unknown}
 G - 3 potions of agility {unknown}
 N - 2 potions of flight {unknown}
 Q - a potion of magic {unknown}
 T - a potion of resistance {unknown}
Books
 S - a book of Minor Magic

   Spells                             Type                      Level
   a - Magic Dart                     Conjuration                  1
   b - Blink                          Translocation                2
   c - Call Imp                       Summoning                    2
   d - Slow                           Hexes                        2
   e - Conjure Flame                  Conjuration/Fire             3
   f - Mephitic Cloud                 Conjuration/Poison/Air       3
Miscellaneous
 A - a plain deck of escape {drawn: 1}
 D - a plain deck of destruction {drawn: 3}
 J - an ornate deck of destruction {drawn: 2}
 P - an ornate deck of destruction
 V - a legendary deck of escape {drawn: 1}
 W - a legendary deck of summoning
Comestibles
 f - 8 bread rations
 j - 6 meat rations
 k - 6 royal jellies
 C - 3 fruits
 U - 11 chunks of flesh


   Skills:
 - Level 3.0 Fighting
 + Level 18.1 Polearms
 - Level 2.0 Throwing
 - Level 4.5 Dodging
 + Level 6.7 Invocations


You had 9 spell levels left.
You didn't know any spells.

Dungeon Overview and Level Annotations

Branches:
Dungeon (9/15)             Temple (1/1) D:6            Lair (1/6) D:8
    Orc: D:9-12

Altars:
Ashenzari
Cheibriados
Dithmenos
Elyvilon
Fedhas
Gozag
Hepliaklqana
Kikubaaqudgha
Nemelex Xobeh
Okawaru
Qazlal
Ru
Sif Muna
Trog
Uskayaw
Vehumet
Xom
Yredelemnul
Zin
The Shining One


Message History

Press: ? - help, Dir - move target cursor, f - komodo dragon
Aim: a komodo dragon You reach to attack!
You closely miss the komodo dragon. You hit the komodo dragon.
The komodo dragon is lightly wounded.
The komodo dragon bites you!!
You slash the komodo dragon!
The komodo dragon is heavily wounded.
You slash the komodo dragon!
The komodo dragon is severely wounded.
The komodo dragon bites you!!
You hit the komodo dragon.
The komodo dragon is severely wounded.
The komodo dragon bites you!!
* * * LOW HITPOINT WARNING * * *
Evoke which item? (* to show all) (? for menu, Esc to quit)
You draw a card...
It is the Cloud.
Clouds appear around you! The komodo dragon bites you!
You die...
Your body disappears without a glow.

..#......#...##.......#P.#
.###...+##...######.#.#..##
.####.⌠. #...P...######..P#
..###...#................##
..........##.............#
#.... ....#.............# #
... .....#...........# ##
#...#######.##..##
#...##@........P#
#...#l§.....#...#
#..§#§.....#..##
.....⌠.>#......#..#
..#.#...#......#..#
#....##......P. ##...
.......+.. ...#.#......#..#
....#..##.#..# .#


You could see a komodo dragon.

Vanquished Creatures
  A hippogriff (Lair:1)
  4 hogs (D:8)
  A human (D:8)
  2 hungry ghosts
  An orc warrior (D:9)
  A sky beast (D:9)
  2 phantoms
  A necrophage (D:8)
  3 ogres
  4 centaurs
  A crocodile (Lair:1)
  Blork the orc (D:6)
  5 bullfrogs
  8 gnoll sergeants (Bailey)
  3 scorpions
  4 killer bees
  6 howler monkeys
  3 crimson imps
  A bullfrog zombie (D:5)
  6 gnoll shamans (Bailey)
  6 hounds
  3 orc priests
  3 iguanas
  2 orc wizards
  3 worker ants
  A hound skeleton (D:3)
  A worker ant zombie (D:5)
  17 gnolls
  6 adders
  A shadow imp (D:5)
  5 oozes
  An adder skeleton (D:4)
  2 worms
  A dart slug (D:2)
  3 leopard geckos
  13 orcs
  4 giant cockroaches
  11 goblins
  A hobgoblin (D:1)
  4 jackals
  2 quokkas (D:3)
  A ball python skeleton (D:5)
  4 bats
  8 frilled lizards
  12 kobolds
  2 quokka skeletons
  11 rats
186 creatures vanquished.

Vanquished Creatures (collateral kills)
  The ghost of feelmyfire the Firebug, an amateur DEFE (D:5)
  A killer bee (D:8)
  A howler monkey (D:7)
  A killer bee zombie (D:7)
4 creatures vanquished.

Grand Total: 190 creatures vanquished

Notes
Turn   | Place    | Note
-------+----------+-------------------------------------------
     0 | D:1      | Jawreze the Merfolk Gladiator began the quest for the Orb.
     0 | D:1      | Reached XP level 1. HP: 16/16 MP: 1/1
   184 | D:1      | Reached skill level 5 in Polearms
   339 | D:1      | Reached XP level 2. HP: 22/22 MP: 2/2
   923 | D:2      | Reached XP level 3. HP: 27/27 MP: 3/3
   992 | D:2      | Reached skill level 6 in Polearms
  1093 | D:2      | Found an opulent altar of Gozag.
  1123 | D:2      | Found a radiant altar of Vehumet.
  1184 | D:2      | Found a sacrificial altar of Ru.
  1614 | D:3      | Reached XP level 4. HP: 33/33 MP: 4/4
  1766 | D:3      | Reached skill level 7 in Polearms
  2125 | D:3      | Reached skill level 8 in Polearms
  2125 | D:3      | Reached XP level 5. HP: 36/38 MP: 5/5
  2481 | D:4      | Noticed a phantom
  2764 | D:4      | Reached skill level 9 in Polearms
  2794 | D:4      | Found a white marble altar of Elyvilon.
  2922 | D:4      | Found a glowing golden altar of the Shining One.
  2922 | D:4      | Noticed an ogre
  2953 | D:4      | Killed an ogre
  2953 | D:4      | Reached XP level 6. HP: 44/44 MP: 6/6
  3176 | D:4      | Reached skill level 10 in Polearms
  3216 | D:4      | Found a sparkling altar of Nemelex Xobeh.
  3216 | D:4      | Found a snail-covered altar of Cheibriados.
  3246 | D:4      | Became a worshipper of Nemelex Xobeh the Trickster
  3276 | D:5      | Entered Level 5 of the Dungeon
  3297 | D:5      | Received a gift from Nemelex Xobeh
  3404 | D:5      | Noticed feelmyfire's ghost (amateur DEFE)
  3842 | D:5      | Reached XP level 7. HP: 46/50 MP: 7/7
  3860 | D:5      | Reached skill level 11 in Polearms
  4027 | D:5      | Killed feelmyfire's ghost
  4152 | D:5      | Reached skill level 12 in Polearms
  4243 | D:5      | Reached * piety under Nemelex Xobeh
  4379 | D:5      | Reached XP level 8. HP: 4/56 MP: 8/8
  4809 | D:5      | Received a gift from Nemelex Xobeh
  4856 | D:5      | Reached skill level 13 in Polearms
  5288 | D:6      | Found a snail-covered altar of Cheibriados.
  5444 | D:6      | Got a smoking leather armour
  5622 | D:6      | Identified the cursed +1 leather armour "Ciwy" {*Slow rF- Int+4 Dex+7} (You found it on level 6 of the Dungeon)
  5764 | D:6      | Found a basalt altar of Yredelemnul.
  6039 | D:6      | Found a staircase to the Ecumenical Temple.
  6081 | D:6      | Received a gift from Nemelex Xobeh
  6100 | D:6      | Reached ** piety under Nemelex Xobeh
  6165 | D:6      | Found a shimmering altar of Xom.
  6193 | D:6      | Reached skill level 14 in Polearms
  6267 | D:6      | Found a shadowy altar of Dithmenos.
  6267 | D:6      | Found a stormy altar of Qazlal.
  6267 | D:6      | Noticed Blork the orc
  6277 | D:6      | Killed Blork the orc
  6822 | D:7      | Reached skill level 15 in Polearms
  6921 | D:7      | Reached XP level 9. HP: 55/61 MP: 9/9
  6979 | D:7      | Found an ancient bone altar of Kikubaaqudgha.
  7165 | D:7      | Reached skill level 16 in Polearms
  7641 | Temple   | Entered the Ecumenical Temple
  7858 | D:8      | Found a staircase to the Lair.
  7895 | D:8      | Found a flagged portal.
  7910 | Bailey   | Entered a bailey
  8500 | Bailey   | Reached skill level 1 in Invocations
  8511 | Bailey   | Got an encrusted dagger {pierce}
  8515 | Bailey   | Identified the cursed +2 dagger of Ischopt {pierce, rElec} (You took it off a gnoll shaman in a bailey)
  9287 | Bailey   | Reached skill level 17 in Polearms
  9433 | D:8      | Received a gift from Nemelex Xobeh
  9797 | D:8      | Reached XP level 10. HP: 66/70 MP: 13/13
  9875 | D:8      | Reached skill level 5 in Invocations
 10037 | D:7      | HP: 3/70 [poisoned by a killer bee]
 10049 | D:7      | HP: 3/70 [ooze (3)]
 10669 | D:9      | Received a gift from Nemelex Xobeh
 10974 | D:9      | Reached *** piety under Nemelex Xobeh
 11262 | Lair:1   | Entered Level 1 of the Lair of Beasts
 11271 | Lair:1   | Reached skill level 18 in Polearms
 11331 | Lair:1   | Received a gift from Nemelex Xobeh
 11331 | Lair:1   | Received a gift from Nemelex Xobeh
 11434 | Lair:1   | Slain by a komodo dragon

Skill      XL: |  1  2  3  4  5  6  7  8  9 10 |
---------------+-------------------------------+-----
Polearms       | 5 6 8 9 10 12 15 17 18 | 18.1
Invocations    | 4 6 |  6.7
Fighting       | 3 |  3.0
Throwing       | |  2.0
Dodging        | |  4.5

Action                   |  1- 3 |  4- 6 |  7- 9 | 10-12 || total
-------------------------+-------+-------+-------+-------++-------
Melee: Trident           |   127 |   101 |       |       ||   228
       Halberd           |       |    74 |   314 |       ||   388
       Glaive            |       |       |   104 |   117 ||   221
Throw: Throwing net      |       |     2 |     2 |       ||     4
Evoke: Deck              |       |       |    12 |     4 ||    16
  Use: Scroll            |       |       |     5 |     1 ||     6
 Stab: Sleeping          |     3 |       |     1 |       ||     4
       Distracted        |     1 |       |     1 |       ||     2
       Held in net/web   |       |     2 |       |       ||     2
  Eat: Chunk             |     2 |     7 |    16 |     5 ||    30
       Meat ration       |       |       |     1 |       ||     1
       Fruit             |       |       |     1 |       ||     1
       Royal jelly       |       |       |     1 |       ||     1
Armor: Leather armour    |    25 |    15 |    38 |    10 ||    88
Dodge: Dodged            |    60 |    65 |   179 |    61 ||   365
